 Dungeon Crawl Stone Soup version 0.26.1-11-gd32895ea62 (webtiles) character file.

Game seed: 16917631746938887539

429 bnorton916 the Shield-Bearer (level 7, -8/56 HPs)
             Began as a Formicid Fighter on June 21, 2021.
             Mangled by an ogre
             ... wielding a +0 giant club
              (17 damage)
             ... on level 4 of the Dungeon.
             The game lasted 00:06:37 (4090 turns).

bnorton916 the Shield-Bearer (Formicid Fighter)     Turns: 4090, Time: 00:06:37

Health: -8/56      AC:  9    Str: 22    XL:     7   Next: 19%
Magic:  7/7        EV:  8    Int:  7    God:
Gold:   146        SH: 10    Dex: 11    Spells: 6/6 levels left

rFire    . . .     SeeInvis +   j - +1 hand axe (flame)
rCold    . . .     Faith    .   c - +0 kite shield
rNeg     . . .     Spirit   .   b - +0 scale mail
rPois    .         Reflect  .   (helmet unavailable)
rElec    .         Harm     .   w - +0 cloak
rCorr    +         Rampage  .   (no gloves)
Will     +....                  p - +0 pair of boots
Stlth    ..........             (no amulet)
HPRegen  0.18/turn              r - ring of willpower
MPRegen  0.10/turn              s - ring of resist corrosion

@: no status effects
A: permanent stasis, dig shafts and tunnels, four strong arms, antennae 3
a: Dig, Shaft Self


You were on level 4 of the Dungeon.
You visited 1 branch of the dungeon, and saw 4 of its levels.

You collected 146 gold pieces.

Inventory:

Hand Weapons
 a - a +0 war axe
 j - a +1 hand axe of flaming (weapon)
 k - a +1 short sword of protection
Missiles
 f - 197 stones
Armour
 b - a +0 scale mail (worn)
 c - a +0 kite shield (worn)
 p - a +0 pair of boots (worn)
 w - a +0 cloak (worn)
Jewellery
 r - a ring of willpower (left hand)
 s - a ring of resist corrosion (right hand)
Scrolls
 e - 7 scrolls of identify {unknown}
 g - a scroll of enchant armour {unknown}
 i - a scroll of fog {unknown}
 l - a scroll of immolation {unknown}
 o - 3 scrolls of teleportation {unknown}
 q - a scroll of remove curse {unknown}
 u - a scroll of amnesia {unknown}
Potions
 d - a potion of might
 h - a potion of ambrosia {unknown}
 m - a potion of heal wounds
 n - a potion of cancellation {unknown}
 t - a potion of flight
 v - a potion of curing {unknown}


   Skills:
 + Level 5.0 Fighting
 + Level 3.9 Axes
 + Level 5.0 Armour
 + Level 5.5 Shields


You had 6 spell levels left.
You didn't know any spells.
Your spell library was empty.

Dungeon Overview and Level Annotations

Branches:
Dungeon (4/15)
 Temple: D:4-7

Altars:
Xom


Innate Abilities, Weirdness & Mutations

You cannot be hasted, slowed, berserked, paralysed or teleported.
You can dig through walls and to a lower floor.
Your four strong arms can wield two-handed weapons with a shield.
You have a pair of large antennae on your head. (SInv)


Message History

You hit the ogre but do no damage.
The ogre is lightly wounded.
You block the ogre's attack.
You barely miss the ogre.
The ogre is lightly wounded.
You block the ogre's attack.
You barely miss the ogre.
The ogre is lightly wounded.
You block the ogre's attack.
You slash the ogre! You burn the ogre.
The ogre is heavily wounded.
The ogre hits you with a +0 giant club!
You hit the ogre but do no damage.
The ogre is heavily wounded.
The ogre hits you with a +0 giant club!!
* * * LOW HITPOINT WARNING * * *
You hit the ogre. You burn the ogre.
The ogre is severely wounded.
The ogre hits you with a +0 giant club!
You die...

################ {
#####.......†......#
....>....#########.#
#####.##.#..<..#...#
#.....#.#.#.#.###
#.....#.#...#.#
#.....#.#.#.#.#
######O....#.#.#.#.#
#....@.....#.#.#.#.#
###..........#.#.#.#.#
###............#.#.#.#.#
..............#.#.#.#.#
####.#.....######.#<#.#.#
#<[#.......##.....#.#.#.#
#..........##+##..#.#.#.#
.######..............#†#.#
..................####.#.#


You could see an ogre.

Vanquished Creatures
  A scorpion (D:3)
  An orc priest (D:3)
  3 orc wizards (D:3)
  A worker ant (D:3)
  Robin (D:3)
  A gnoll (D:2)
  12 adders
  An ufetubus (D:3)
  3 oozes
  An adder skeleton (D:4)
  2 worms
  A dart slug (D:1)
  3 leopard geckos
  2 orcs
  2 ball pythons
  3 giant cockroaches
  13 hobgoblins
  4 jackals (D:4)
  10 kobolds
  3 quokkas
  6 bats
  4 frilled lizards
  14 goblins
  5 rats
97 creatures vanquished.

Notes
Turn   | Place    | Note
-------+----------+-------------------------------------------
     0 | D:1      | bnorton916 the Formicid Fighter began the quest for the
                  | Orb.
     0 | D:1      | Reached XP level 1. HP: 18/18 MP: 1/1
   375 | D:1      | Reached XP level 2. HP: 24/24 MP: 2/2
   772 | D:1      | Reached XP level 3. HP: 29/29 MP: 3/3
  1124 | D:2      | Reached XP level 4. HP: 37/37 MP: 4/4
  1340 | D:2      | Reached XP level 5. HP: 38/42 MP: 5/5
  2257 | D:3      | Identified the +1 helmet of the Devil's Team {rCorr}
  2257 | D:3      | Noticed Robin
  2282 | D:3      | Killed Robin
  2299 | D:3      | Reached XP level 6. HP: 46/49 MP: 6/6
  2407 | D:3      | Found a shimmering altar of Xom.
  2754 | D:3      | Reached skill level 5 in Shields
  3504 | D:3      | HP: 1/50 [orc priest/divine providence (11)]
  3505 | D:3      | Reached XP level 7. HP: 1/55 MP: 7/7
  3507 | D:3      | Reached skill level 5 in Armour
  3864 | D:4      | Reached skill level 5 in Fighting
  4090 | D:4      | Mangled by an ogre

Illustrated notes

Levels and vault maps discovered:
D:1:      saegor_arrival_simple_e, layout_loops_corners, nrook_campfire
D:2:      layout_loops_cross, minmay_tromino_i4
D:3:      layout_loops_ring, nicolae_overflow_crystal_walls, uniq_robin
D:4:      layout_basic, uniq_pikel

Skill      XL: |  1  2  3  4  5  6  7 |
---------------+----------------------+-----
Shields        | 4 5 |  5.5
Armour         | 4 5 |  5.0
Fighting       | 4 5 |  5.0
Axes           | 3 |  3.9

Action                   |  1- 3 |  4- 6 |  7- 9 || total
-------------------------+-------+-------+-------++-------
Melee: War axe           |    55 |       |       ||    55
       Hand axe          |    18 |   213 |    51 ||   282
 Abil: Dig               |     2 |     3 |     1 ||     6
  Use: Potion            |       |     3 |       ||     3
Armor: Scale mail        |    32 |    75 |    14 ||   121
Dodge: Dodged            |    30 |    47 |    18 ||    95
Block: Kite shield       |    33 |    95 |    19 ||   147
